 Dungeon Crawl Stone Soup version 0.21-b1-23-g1fb0a74c36 (webtiles) character file.

36 Impereon the Ruffian (level 3, -1/28 HPs)
             Began as a Draconian Transmuter on Jan 6, 2018.
             Slain by Terence
             ... wielding a +0 short sword
              (5 damage)
             ... on level 2 of the Dungeon.
             The game lasted 00:33:36 (2889 turns).

Impereon the Ruffian (Draconian Transmuter)         Turns: 2889, Time: 00:33:37

Health: -1/28      AC:  5    Str: 18    XL:     3   Next: 19%
Magic:  6/6        EV: 12    Int: 13    God:
Gold:   95         SH:  0    Dex: 11    Spells: 3/6 levels left

rFire    + + .     SeeInvis .   m - +0 spear
rCold    + . .     Gourm    .   (no shield)
rNeg     . . .     Faith    .   (armour unavailable)
rPois    +         Spirit   .   (helmet restricted)
rElec    +         Reflect  .   (no cloak)
rCorr    +         Harm     .   (no gloves)
MR       .....                  (no boots)
Stlth    +.........             (no amulet)
HPRegen  0.09/turn              C - ring of protection from fire
MPRegen  0.10/turn              (no ring)

@: mighty, resistant, flying
A: unfitting armour, cold-blooded, AC +5
a: no special abilities


You were on level 2 of the Dungeon.
You were not hungry.

You visited 1 branch of the dungeon, and saw 2 of its levels.

You collected 95 gold pieces.

Inventory:

Hand Weapons
 d - a +0 club
 e - a +0 dagger
 f - a +0 short sword
 h - a +0 club
 i - a cursed -2 short sword
 l - a +0 dagger
 m - a +0 spear (weapon)
 n - a +0 dagger
 q - a +0 club
 s - a +0 hunting sling
 t - a +0 short sword
 v - a +0 dagger
 y - a +0 dagger
 B - a +0 club
Missiles
 a - 64 arrows
 g - 5 stones (quivered)
 o - 37 bolts
 r - 5 silver tomahawks
Armour
 k - a +0 leather armour
 w - a +0 robe
Jewellery
 C - a ring of protection from fire (left hand)
Scrolls
 p - 2 scrolls of remove curse
 u - 2 scrolls of identify {unknown}
 x - a scroll of amnesia {unknown}
 z - a scroll of teleportation {unknown}
Potions
 A - a potion of flight
 D - a potion of might
Books
 b - a book of Changes

   Spells                             Type                      Level
   a - Beastly Appendage              Transmutation                1
   b - Sticks to Snakes               Transmutation                2
   c - Spider Form                    Transmutation/Poison         3
   d - Ice Form                       Ice/Transmutation            4
   e - Blade Hands                    Transmutation                5


   Skills:
 + Level 1.3 Fighting
 + Level 0.2 Polearms
 + Level 2.2 Dodging
 + Level 0.2 Stealth
 + Level 3.4 Unarmed Combat
 + Level 2.0 Spellcasting
 * Level 2.6 Transmutations


You had 3 spell levels left.
You knew the following spells:

 Your Spells              Type           Power        Failure   Level  Hunger
a - Beastly Appendage     Tmut           #.....       9%          1    ##.....
b - Sticks to Snakes      Tmut           #.......     13%         2    ###....


Dungeon Overview and Level Annotations

Branches:
Dungeon (2/15)

Altars:

Annotations:
D:2 Terence


Innate Abilities, Weirdness & Mutations

Your plain brown scales are hard. (AC +5)
You cannot fit into any form of body armour.
You are cold-blooded and may be slowed by cold attacks.


Message History

C - a ring of protection from fire (left hand) Inscribe with what?
Okay, then.
You feel very mighty all of a sudden. Terence hits you but does no damage.
It was a potion of resistance.
You feel protected. Terence hits you but does no damage.
It was a potion of flight.
You feel very buoyant.
You fly up into the air.
Terence hits you with a short sword.
* * * LOW HITPOINT WARNING * * *
Press: ? - help, v - describe, . - travel The floor, spattered with blood.
Casting: Beastly Appendage
Confirm with . or Enter, or press ? or * to list all spells.
You don't know that spell.
Terence hits you with a short sword.
You die...

#.###......#####.#.####
##.#.[..................
##...........###.##......
#..#.........# ##.#.#.###
#............# #...## #
#.#......###.# ##.## #
#........# #.# ..... .
#.#......###.# ###.### #
#.#.....@@...# #.# # #
#...>.....###.# #. #
#.........# #.# #.# #
#####.##.## #.# #.#####
#.##.# #.# #.#.... #.##)#
#.# #.#.### #. #.# #.#
#.#.# # #.##.####.# #.#†#
# ..........###.#.###


You could see Terence.

Vanquished Creatures
  An ooze (D:1)
  A dart slug (D:1)
  5 bats
  A giant cockroach (D:1)
  5 goblins
  3 hobgoblins
  4 frilled lizards (D:1)
  6 kobolds
  6 rats
32 creatures vanquished.

Notes
Turn   | Place    | Note
-------+----------+-------------------------------------------
     0 | D:1      | Impereon the Draconian Transmuter began the quest for the Orb.
     0 | D:1      | Reached XP level 1. HP: 16/16 MP: 3/3
    20 | D:1      | Noticed an electric eel
    78 | D:1      | Reached XP level 2. HP: 11/23 MP: 5/5
   443 | D:1      | Learned a level 2 spell: Sticks to Snakes
   840 | D:1      | Reached XP level 3. HP: 19/28 MP: 6/6
  2858 | D:2      | Noticed Terence
  2889 | D:2      | Slain by Terence

Skill      XL: |  1  2 |
---------------+-------+-----
Dodging        | 2 |  2.2
Fighting       | |  1.3
Polearms       | |  0.2
Stealth        | |  0.2
Unarmed Combat | |  3.4
Spellcasting   | |  2.0
Transmutations | |  2.6

Action                   || total
-------------------------++-------
Melee: Unarmed           ||    12
       Spear             ||    96
       Dagger            ||    16
       Club              ||     9
       Tailslap          ||     9
Throw: Stone             ||     1
 Cast: Beastly Appendage ||     4
  Use: Potion            ||     4
       Scroll            ||     1
 Stab: Sleeping          ||     1
  Eat: Ration            ||     3
Armor: Skin              ||    58
Dodge: Dodged            ||    98
